 Dungeon Crawl Stone Soup version 0.24.0-125-gc4c63601f3 (webtiles) character file.

Game seed: 12338415286909623487, levelgen mode: deterministic

36 Amplified the Sneak (level 3, -6/29 HPs)
             Began as a Minotaur Enchanter on Mar 6, 2020.
             Mangled by Robin
             ... wielding a +7 club
              (10 damage)
             ... on level 2 of the Dungeon.
             The game lasted 00:01:54 (1532 turns).

Amplified the Sneak (Minotaur Enchanter)            Turns: 1532, Time: 00:01:54

Health: -6/29      AC:  2    Str: 13    XL:     3   Next: 19%
Magic:  4/4        EV: 12    Int: 12    God:
Gold:   72         SH:  0    Dex: 10    Spells: 3/4 levels left

rFire    . . .     SeeInvis .   c - +0 hand axe
rCold    . . .     Gourm    .   (no shield)
rNeg     + . .     Faith    .   b - +0 robe
rPois    .         Spirit   .   (helmet restricted)
rElec    .         Reflect  .   (no cloak)
rCorr    .         Harm     .   (no gloves)
MR       .....                  (no boots)
Stlth    ++........             (no amulet)
HPRegen  0.09/turn              g - ring of positive energy
MPRegen  0.09/turn              (no ring)

@: no status effects
A: retaliatory headbutt, horns 2
a: no special abilities


You were on level 2 of the Dungeon.
You were hungry.

You visited 1 branch of the dungeon, and saw 2 of its levels.

You collected 72 gold pieces.

Inventory:

Hand Weapons
 c - a +0 hand axe (weapon)
Armour
 b - a +0 robe (worn)
Jewellery
 g - a ring of positive energy (left hand)
Scrolls
 f - a scroll of teleportation {unknown}
Comestibles
 d - 3 rations


   Skills:
 * Level 1.9 Fighting
   Level 1.1 Short Blades
 * Level 1.8 Axes
 * Level 1.9 Armour
 - Level 2.1 Dodging
 - Level 2.4 Stealth
 - Level 1.3 Spellcasting
 - Level 2.0 Hexes


You had 3 spell levels left.
You knew the following spells:

 Your Spells              Type           Power        Failure   Level  Hunger
a - Corona                Hex            #......      13%         1    ##.....

Your spell library contained the following spells:

 Spells                   Type           Power        Failure   Level  Hunger
 Ensorcelled Hibernation  Hex/Ice        #.....       28%         2    ###....
 Confuse                  Hex            #.......     36%         3    ####...
 Tukima's Dance           Hex            #.......     36%         3    ####...
 Dazzling Spray           Conj/Hex       #.....       50%         3    ####...


Dungeon Overview and Level Annotations

Branches:
Dungeon (2/15)

Altars:

Annotations:
D:2 Robin


Innate Abilities, Weirdness & Mutations

You reflexively headbutt those who attack you in melee.
You have a pair of horns on your head.


Message History

You are too injured to fight recklessly!
Unknown command.
You are too injured to fight recklessly!
You barely miss Robin.
Robin is lightly wounded.
You completely miss the goblin. Robin hits you with a +7 club.
The goblin hits you.
* * * LOW HITPOINT WARNING * * *
The goblin closely misses you. Robin closely misses you.
Unknown command.
Unknown command.
You hit the goblin but do no damage.
The goblin is almost dead.
You hit Robin. The goblin hits you but does no damage.
Robin hits you but does no damage.
Unknown command.
You hit the goblin.
You kill the goblin!
You hit Robin. Robin hits you with a +7 club!
You die...

######## ..(....#
..####.####
..#.......##########
.......##.##...)@g.#
..#..#.......#####.#
.......##.#### #.#
#..†)..##.# #.#
#.#..)...)# #g#
#.##.###### #.#
...<.# #g# #.####
#g# # #g.


You could see Robin.

Vanquished Creatures
  A leopard gecko (D:1)
  A ball python (D:1)
  A bat (D:2)
  A giant cockroach (D:2)
  7 goblins
  5 hobgoblins
  4 jackals (D:1)
  2 frilled lizards (D:1)
  4 kobolds
  3 rats
29 creatures vanquished.

Notes
Turn   | Place    | Note
-------+----------+-------------------------------------------
     0 | D:1      | Amplified the Minotaur Enchanter began the quest for the
                  | Orb.
     0 | D:1      | Reached XP level 1. HP: 14/14 MP: 1/1
   251 | D:1      | Reached skill level 1 in Fighting
   256 | D:1      | Reached skill level 1 in Armour
   256 | D:1      | Reached XP level 2. HP: 18/23 MP: 3/3
   259 | D:1      | Reached skill level 1 in Axes
  1507 | D:2      | Noticed Robin
  1519 | D:2      | Reached XP level 3. HP: 22/29 MP: 4/4
  1532 | D:2      | Mangled by Robin

Levels and vault maps discovered:
D:1:      dpeg_arrival_water_fire, layout_basic
D:2:      layout_loops_cross, grunt_dithmenos_smoke, minmay_quadrilaterals,
          uniq_robin

Skill      XL: |  1  2 |
---------------+-------+-----
Fighting       | 1 |  1.9
Armour         | 1 |  1.9
Axes           | 1 |  1.8
Short Blades   | |  1.1
Dodging        | |  2.1
Stealth        | |  2.4
Spellcasting   | |  1.3
Hexes          | |  2.0

Action                   || total
-------------------------++-------
Melee: Hand axe          ||    69
       Dagger            ||     7
       Headbutt          ||     7
  Use: Potion            ||     1
       Scroll            ||     1
 Stab: Sleeping          ||     2
  Eat: Chunk             ||     1
Armor: Robe              ||    17
Dodge: Dodged            ||    61
